 Dungeon Crawl Stone Soup version 0.19-a0-376-gf780d9b (webtiles) character file.

18699 Loading the Basher (level 12, -6/76 HPs)
             Began as a Gargoyle Fighter on May 30, 2016.
             Was a Believer of the Shining One.
             Killed from afar by a white draconian (35 damage)
             ... with a chilling blast
             ... in an ice cave.
             The game lasted 00:32:08 (12353 turns).

Loading the Basher (Gargoyle Fighter)              Turns: 12353, Time: 00:32:09

Health: -6/76      AC: 28    Str: 23    XL:     12   Next: 61%
Magic:  14/14      EV:  6    Int:  9    God:    the Shining One [**....]
Gold:   552        SH: 18    Dex: 13    Spells: 0 memorised, 11 levels left

rFire  . . .     SeeInvis .     a - +1 flail
rCold  . . .     Gourm    .     u - +0 plate armour
rNeg   + + .     Faith    .     c - +0 shield
rPois  ∞         Spirit   .     A - +0 helmet
rElec  +         Dismiss  .     b - +1 cloak
rCorr  .         Reflect  .     x - +0 pair of gloves
SustAt .         Harm     .     (no boots)
MR     .....                    m - amulet of magic regeneration
Stlth  ..........               r - +3 ring of slaying
                                g - +2 ring of strength

@: divine shield, glowing, not resistant to hostile enchantments, extremely
unstealthy
A: negative energy resistance 1, sense surroundings 1, electricity resistance,
unbreathing, petrification resistance, rot immunity, AC +8
a: Divine Shield, Renounce Religion


You were in an ice cave.
You worshipped the Shining One.
The Shining One was pleased with you.
You were very full.

You visited 3 branches of the dungeon, and saw 12 of its levels.
You also visited: Ice Cave.

You collected 650 gold pieces.
You spent 98 gold pieces at shops.

Inventory:

Hand Weapons
 a - a +1 flail (weapon)
 D - a +0 dire flail
Armour
 b - a +1 cloak (worn)
 c - a +0 shield (worn)
 u - a +0 plate armour (worn)
 x - a +0 pair of gloves (worn)
 A - a +0 helmet (worn)
Jewellery
 g - a +2 ring of strength (left hand)
 m - an amulet of magic regeneration (around neck)
 r - a +3 ring of slaying (right hand)
Wands
 o - a wand of lightning (7/15)
 p - a wand of acid (11/15)
 s - a wand of flame (19/48)
 y - a wand of confusion (24/48)
 E - a wand of flame (19/48)
 M - a wand of lightning (8/15)
Scrolls
 e - 6 scrolls of remove curse
 k - a scroll of teleportation
 v - a scroll of enchant armour
 w - 3 scrolls of recharging
 C - 3 scrolls of amnesia
 H - 2 scrolls of enchant weapon
 J - 2 scrolls of immolation
 L - a scroll of fear
Potions
 d - 2 potions of cure mutation
 h - 5 potions of curing
 i - 2 potions of invisibility
 j - a potion of lignification
 q - a potion of brilliance
 t - a potion of mutation
 z - a potion of flight {unknown}
 F - a potion of cancellation {unknown}
Books
 l - a book of Transfigurations

   Spells                             Type                      Level
   a - Irradiate                      Conjuration/Transmutation    5
   b - Statue Form                    Transmutation/Earth          6
   c - Hydra Form                     Transmutation                6
   d - Dragon Form                    Transmutation                7
 G - a book of Clouds

   Spells                             Type                      Level
   a - Mephitic Cloud                 Conjuration/Poison/Air       3
   b - Conjure Flame                  Conjuration/Fire             3
   c - Poisonous Cloud                Conjuration/Poison/Air       6
   d - Freezing Cloud                 Conjuration/Ice/Air          6
   e - Ring of Flames                 Charms/Fire                  7
 I - a Young Poisoner's Handbook

   Spells                             Type                      Level
   a - Sting                          Conjuration/Poison           1
   b - Cure Poison                    Poison                       2
   c - Mephitic Cloud                 Conjuration/Poison/Air       3
   d - Olgreb's Toxic Radiance        Poison                       4
   e - Venom Bolt                     Conjuration/Poison           5
Comestibles
 f - 7 bread rations
 n - 4 meat rations
 B - 17 chunks of flesh


   Skills:
 + Level 9.3 Fighting
 * Level 13.8 Maces & Flails
 + Level 9.5 Armour
 + Level 0.8 Stealth
 + Level 10.2 Shields
 * Level 3.7 Invocations


You had 11 spell levels left.
You didn't know any spells.

Dungeon Overview and Level Annotations

Branches:
Dungeon (9/15)             Temple (1/1) D:6            Lair (2/8) D:9
    Orc: D:9-12

Altars:
Ashenzari
Cheibriados
Dithmenos
Elyvilon
Fedhas
Gozag
Hepliaklqana
Kikubaaqudgha
Makhleb
Nemelex Xobeh
Okawaru
Pakellas
Qazlal
Ru
Sif Muna
Trog
Ukayaw
Vehumet
Xom
Yredelemnul
Zin
The Shining One

Shops:
D:5 ?   D:7 [


Innate Abilities, Weirdness & Mutations

You are resistant to torment.
Your stone body is resilient (AC +8).
You are immune to poison.
You resist negative energy. (rN+)
You are resistant to electric shocks. (rElec)
You can survive without breathing.
You are immune to petrification.
You are immune to rotting.
You passively map a small area around you.


Message History

You hit the white draconian.
The white draconian is lightly wounded.
The white draconian hits you with a battleaxe of freezing.
The white draconian freezes you.
You sock the white draconian!
The white draconian is lightly wounded.
You block the white draconian's attack.
You hit the white draconian but do no damage.
The white draconian is lightly wounded.
You thump the white draconian!
The white draconian is moderately wounded.
The white draconian hits you with a battleaxe of freezing.
The white draconian freezes you.
You barely miss the white draconian.
The white draconian is moderately wounded.
You closely miss the white draconian.
The white draconian is moderately wounded.
The white draconian breathes frost at you.
The chilling blast hits you!
You die...

*,###.,***,#####..#
**≈≈ *##Y..**
###....### **≈
#.Y.Y,*##...#....### **
*#...###..####.....## *
*#hhd##..#####.....###
###..###.#.#####....#
#.h###...⌠.#≈≈*##....
**###d#.#...##≈≈≈≈###..
*≈**##@######≈#########
*≈≈**###*≈≈≈###....##.÷
**≈≈≈*≈≈≈*###...#....##
***≈≈≈*###....#######*
*≈≈≈*##...####*****≈≈
**####...## *≈*≈≈≈≈#
##.....## *≈≈≈*###
##.#.....## *****#..
##.####....##########.


You could see a white draconian and a polar bear.

Vanquished Creatures
  Harold (Lair:1)
  A hydra (Lair:1)
  A death yak (IceCv)
  The ghost of tstbtto the Cleaver, a novice MiCK of Ru (D:6)
  An ice statue (IceCv)
  2 spiny frogs (Lair:1)
  2 komodo dragons (Lair:1)
  2 rime drakes
  A troll (D:9)
  15 polar bears (IceCv)
  3 blink frogs (Lair:1)
  Eustachio (D:4)
  15 yaks
  A human (D:9)
  4 hippogriffs
  Menkaure (D:7)
  4 water moccasins
  5 porcupines
  4 sky beasts
  A necrophage (D:5)
  3 ogres
  3 orc warriors
  4 phantoms
  A centaur (D:8)
  23 wolves
  4 crocodiles
  10 giant frogs
  Blork the orc (D:6)
  2 scorpions
  4 killer bees (D:9)
  7 wights (D:6)
  2 howler monkeys
  An electric eel (D:9)
  2 crimson imps
  A giant frog zombie (D:9)
  3 quasits
  3 giant frog skeletons
  A hound (D:6)
  A centaur skeleton (D:4)
  5 orc priests
  Jessica (D:2)
  10 iguanas
  3 orc wizards
  9 worker ants
  2 howler monkey zombies
  2 worker ant zombies (D:8)
  8 gnolls (D:4)
  10 river rats (Lair:2)
  11 adders
  3 shadow imps
  2 adder skeletons
  3 worms
  3 dart slugs
  5 giant geckos
  20 orcs
  A ball python (D:2)
  2 bats (D:2)
  A giant cockroach (D:2)
  11 goblins
  5 hobgoblins
  2 jackals (D:1)
  4 kobolds
  4 quokkas
  A giant cockroach zombie (D:5)
  2 giant newts
  A goblin zombie (D:9)
  4 hobgoblin zombies (D:9)
  A kobold skeleton (D:9)
  2 kobold zombies (D:9)
  An orc skeleton (D:9)
  An orc zombie (D:9)
  A quokka skeleton (D:4)
  A quokka zombie (D:8)
  7 rats
  2 fungi (D:9)
293 creatures vanquished.

Vanquished Creatures (others)
  An ice beast (D:9)
  A wolf (IceCv)
  An orc wizard (D:5)
  3 fungi
6 creatures vanquished.

Grand Total: 299 creatures vanquished

Notes
Turn   | Place    | Note
--------------------------------------------------------------
     0 | D:1      | Loading the Gargoyle Fighter began the quest for the Orb.
     0 | D:1      | Reached XP level 1. HP: 14/14 MP: 1/1
   139 | D:1      | Reached XP level 2. HP: 11/19 MP: 2/2
   681 | D:2      | Reached XP level 3. HP: 23/23 MP: 3/3
   779 | D:2      | Found a radiant altar of Vehumet.
   892 | D:2      | Found a white marble altar of Elyvilon.
   913 | D:2      | Reached XP level 4. HP: 22/28 MP: 4/4
  1083 | D:2      | Found a blossoming altar of Fedhas.
  1103 | D:2      | Noticed Jessica
  1109 | D:2      | Killed Jessica
  1310 | D:2      | Reached skill level 3 in Maces & Flails
  1664 | D:3      | Reached XP level 5. HP: 32/33 MP: 5/5
  1691 | D:3      | Found a faded altar to an unknown god.
  2185 | D:4      | Noticed an ogre
  2196 | D:4      | HP: 1/33 [ogre/giant club (11)]
  2582 | D:4      | Reached XP level 6. HP: 38/38 MP: 6/6
  2608 | D:4      | Reached skill level 4 in Maces & Flails
  3010 | D:4      | Reached skill level 5 in Armour
  3098 | D:4      | Found a shadowy altar of Dithmenos.
  3105 | D:4      | Reached XP level 7. HP: 36/44 MP: 7/7
  3322 | D:4      | Reached skill level 5 in Maces & Flails
  3331 | D:4      | Noticed Eustachio
  3353 | D:4      | Killed Eustachio
  3353 | D:4      | Reached skill level 5 in Shields
  3445 | D:4      | Reached skill level 5 in Fighting
  3570 | D:4      | Found an oddly glowing altar of Pakellas.
  3570 | D:4      | Noticed a purple ugly thing
  3654 | D:5      | Entered Level 5 of the Dungeon
  3654 | D:5      | Found Ynatwog's Magic Scroll Emporium.
  3659 | D:5      | Bought a scroll of teleportation for 42 gold pieces
  3659 | D:5      | Bought a scroll of identify for 28 gold pieces
  3659 | D:5      | Bought a scroll of identify for 28 gold pieces
  4117 | D:5      | Reached XP level 8. HP: 45/49 MP: 8/8
  4169 | D:5      | Reached skill level 6 in Maces & Flails
  4685 | D:5      | Found a deep blue altar of Sif Muna.
  4818 | D:6      | Found a staircase to the Ecumenical Temple.
  4947 | D:6      | Reached skill level 7 in Maces & Flails
  5255 | D:6      | Reached XP level 9. HP: 55/55 MP: 9/9
  5319 | D:6      | Noticed Blork the orc
  5322 | D:6      | Killed Blork the orc
  5343 | D:6      | Reached skill level 8 in Maces & Flails
  5483 | D:6      | Noticed tstbtto's ghost (novice MiCK)
  5528 | D:6      | Killed tstbtto's ghost
  5861 | D:7      | Noticed Menkaure
  5873 | D:6      | Reached skill level 9 in Maces & Flails
  5964 | D:7      | Killed Menkaure
  5981 | D:7      | Found a bloodstained altar of Trog.
  6107 | D:7      | Found a radiant altar of Vehumet.
  6162 | D:7      | Found Lali's Armour Shop.
  6310 | Temple   | Entered the Ecumenical Temple
  6868 | D:8      | Reached XP level 10. HP: 54/61 MP: 10/10
  7627 | D:8      | Reached skill level 10 in Maces & Flails
  7845 | D:9      | Found a hide-covered altar to Ukayaw.
  7923 | D:9      | Found a glowing golden altar of the Shining One.
  7952 | D:9      | Became a worshipper of the Shining One
  8123 | D:9      | Found a staircase to the Lair.
  8144 | D:9      | Gained mutation: You passively map a small area around you. [potion of beneficial mutation]
  8518 | D:9      | Reached * piety under the Shining One
  8575 | D:9      | Found an opulent altar of Gozag.
  8928 | Lair:1   | Entered Level 1 of the Lair of Beasts
  8973 | Lair:1   | Reached skill level 11 in Maces & Flails
  8976 | Lair:1   | Noticed a four-headed hydra
  8985 | Lair:1   | Killed a four-headed hydra
  8985 | Lair:1   | Reached XP level 11. HP: 45/68 MP: 11/11
  9805 | Lair:1   | Reached skill level 12 in Maces & Flails
  9866 | Lair:1   | Noticed Harold
  9902 | Lair:1   | Killed Harold
 10639 | Lair:2   | Reached ** piety under the Shining One
 10714 | Lair:2   | Found a frozen archway.
 10728 | IceCv    | Entered an ice cave
 11013 | IceCv    | Reached skill level 1 in Invocations
 11031 | IceCv    | Noticed a death yak
 11040 | IceCv    | Reached skill level 13 in Maces & Flails
 11060 | IceCv    | Killed a death yak
 11060 | IceCv    | Reached XP level 12. HP: 51/76 MP: 11/13
 11373 | IceCv    | Reached skill level 10 in Shields
 11907 | IceCv    | HP: 3/76 [ice statue] (12)]
 12340 | IceCv    | Noticed a white draconian
 12353 | IceCv    | Killed from afar by a white draconian

Vault maps used:
D:1:      saegor_arrival_simple_a
D:2:      lemuel_doored_altar, nicolae_overflow_crystal_walls, vehumet_crystals,
          kennysheep_potato, uniq_jessica
D:3:      first_bread, ecumenical_altar_2, minmay_misc_feat_room
D:4:      gammafunk_pakellas_cloud_experiment,
          grunt_dithmenos_smoke_and_mirrors, uniq_eustachio
D:5:      led_sif_book, serial_shops, shop, nicolae_underground_beach
D:6:      minmay_temple_entry_from_below_a, minivault_27, uniq_blork_the_orc
D:7:      overflow_temple_1_default, serial_shops, nicolae_shop_stone,
          basic_altar, uniq_menkaure
D:9:      statuecave_lemuel, kennysheep_mini, nicolae_tso_besieged_by_evil,
          grunt_gozag_breadcrumbs, dpeg_oklobed_lair, grunt_pizzeria
Temple:   circular_temple_12
Lair:1:   grunt_megastairs_2, infiniplex_staircase_pool_2, uniq_harold
Lair:2:   portal_ice_cave_entry_pillars_2, minivault_25, beast_lair_carwin_8,
          grunt_megastairs_1
IceCv:    ice_cave_caverns_01

Skill      XL: |  1  2  3  4  5  6  7  8  9 10 11 12 |
---------------+-------------------------------------+-----
Armour         | 4 5 6 7 8 9 |  9.5
Shields        | 4 5 6 7 8 9 10 | 10.2
Maces & Flails | 3 4 5 7 9 11 13 | 13.8
Fighting       | 4 5 6 7 9 |  9.3
Invocations    | 1 3 |  3.7
Stealth        | |  0.8

Action                   |  1- 3 |  4- 6 |  7- 9 | 10-12 || total
-------------------------+-------+-------+-------+-------++-------
Melee: Flail             |    91 |   147 |   365 |   804 ||  1407
Invok: Divine Shield     |       |       |       |     1 ||     1
  Use: Scroll            |       |     8 |     6 |     7 ||    21
       Potion            |       |     2 |     1 |     7 ||    10
  Eat: Chunk             |       |     3 |     4 |     6 ||    13
       Meat ration       |       |     1 |       |       ||     1
       Beef jerky        |       |       |     1 |     2 ||     3
       Bread ration      |       |       |     2 |       ||     2
       Pizza             |       |       |       |     9 ||     9
       Fruit             |       |       |       |     2 ||     2
Armor: Scale mail        |    29 |       |       |       ||    29
       Chain mail        |     9 |    75 |    56 |       ||   140
       Plate armour      |       |       |   173 |   548 ||   721
Dodge: Dodged            |    33 |    39 |    56 |   159 ||   287
Block: Shield            |    41 |    65 |   139 |   452 ||   697
